 Dungeon Crawl Stone Soup version 0.31.0 (webtiles) character file.

Game seed: 9621855513338999437

85 qw the Shooter (level 4, -1/28 HPs)
             Began as a Gargoyle Hunter on Jan 19, 2024.
             Slain by Grinder (2 damage)
             ... while paralysed by Grinder
             ... on level 4 of the Dungeon.
             The game lasted 00:00:07 (1751 turns).

qw the Shooter (Gargoyle Hunter)                    Turns: 1751, Time: 00:00:07

Health: -1/28      AC: 11    Str: 15    XL:     4   Next: 48%
Magic:  4/4        EV:  2    Int:  9    God:
Gold:   189        SH:  0    Dex: 15    Spells: 3/3 levels left

rFire   . . .        a - +0 shortbow
rCold   . . .        (shield currently unavailable)
rNeg    + . .        h - +0 ring mail
rPois   inf          (no helmet)
rElec   +            (no cloak)
rCorr   .            g - +0 pair of gloves
SInv    .            i - +0 pair of boots
Will    .....        (no amulet)
Stlth   +            (no ring)
HPRegen 0.24/turn    (no ring)
MPRegen 0.09/turn

%: no passive effects
@: paralysed
A: sickness immunity, AC +3, negative energy resistance 1, electricity
resistance, torment resistance 1, petrification resistance
a: no special abilities


You were on level 4 of the Dungeon.
You visited 1 branch of the dungeon, and saw 4 of its levels.

You collected 189 gold pieces.


Innate Abilities, Weirdness & Mutations

You are immune to sickness and miasma.
Your stone body is resilient. (AC +3)
You are immune to poison.
You resist negative energy. (rN+)
You are resistant to electric shocks. (rElec)
You are resistant to unholy torment.
You are immune to petrification.


   Skills:
 - Level 3.1 Fighting
 + Level 5.1 Ranged Weapons
 - Level 1.5 Armour
 - Level 1.5 Dodging
 - Level 1.1 Stealth


You had 3 spell levels left.
You didn't know any spells.
Your spell library was empty.

Inventory:

Hand Weapons
 a - a +0 shortbow (weapon)
Armour
 g - a +0 pair of gloves (worn)
 h - a +0 ring mail (worn)
 i - a +0 pair of boots (worn)
Wands
 c - a wand of iceblast (7)
Potions
 d - 3 potions of mutation
 e - a potion of enlightenment
 f - a potion of resistance
 j - a potion of might {unknown}

Dungeon Overview and Level Annotations

Branches:
Dungeon (4/15)
 Temple: D:4-7

Altars:
Gozag

Annotations:
D:3 2 transporters, qw's ghost, amateur GrHu
D:4 Grinder


Message History

You resist with significant effort.
An orc wizard comes into view. It is wielding a +0 dagger.
You shoot an arrow. The arrow barely misses Grinder.
The quokka bites you. The quokka closely misses you.
The orc wizard mumbles some strange words.
The orc wizard flickers and vanishes!
Deactivating autopickup; reactivate with Ctrl-A.
Grinder gestures at you. Pain shoots through your body!
You shoot an arrow. The arrow barely misses Grinder.
The quokka barely misses you.
The quokka bites you but does no damage.
Grinder hits you but does no damage. The quokka barely misses you.
The quokka closely misses you.
You shoot an arrow. The arrow hits Grinder.
Grinder is heavily wounded.
The quokka bites you.
An orc comes into view. It is wielding a +0 falchion.
The quokka bites you but does no damage.
Grinder barely misses you.
You shoot an arrow. The arrow closely misses Grinder.
The quokka barely misses you. The quokka closely misses you.
Grinder hits you but does no damage.
The quokka bites you but does no damage. x2
Grinder gestures at you. You resist with significant effort.
An orc comes into view. It is wielding a +0 falchion.
You shoot an arrow. The arrow hits Grinder!
Grinder is severely wounded.
The quokka closely misses you. The quokka barely misses you.
Grinder gestures at you.
You suddenly lose the ability to move!
The quokka bites you but does no damage. x2
Grinder barely misses you.
The quokka bites you but does no damage.
The quokka bites you.
The quokka bites you but does no damage.
Grinder hits you.
You writhe in agony.
You die...
Grinder sighs, "Dead already?
I want a refund."

.. .# .# ##.
#.. #
#.#####.##.#
...o{or5...# ##
#..####@## ##..
#....or..##...#
#.#####.....# #
#.#..## #####..
#...#####.....
###......#.....
#....###....#
#.#.........#
#.....#.....#


You could see Grinder, 3 orcs and 2 quokkas.

Vanquished Creatures
  3 adders
  3 dart slugs
  2 ribbon worms
  4 bats
  3 endoplasms
  2 giant cockroaches
  9 hobgoblins
  4 kobolds
  A quokka (D:2)
  6 ball pythons
  3 frilled lizards
  7 rats
47 creatures vanquished.

Notes
Turn   | Place    | Note
-------+----------+-------------------------------------------
     0 | D:1      | qw the Gargoyle Hunter began the quest for the Orb.
     0 | D:1      | Reached XP level 1. HP: 12/12 MP: 1/1
     0 | D:1      | 0 ||| qw: Version: 0.3-a-132-g3d54051
     0 | D:1      | 0 ||| qw: Game counter: 326
     0 | D:1      | 0 ||| qw: Melee chars always use a shield: true
     0 | D:1      | 0 ||| qw: God list: Okawaru
     0 | D:1      | 0 ||| qw: Allow faded altars: false
     0 | D:1      | 0 ||| qw: Do Orc after clearing Dungeon:15 true
     0 | D:1      | 0 ||| qw: Do second Lair branch before Depths: true
     0 | D:1      | 0 ||| qw: Lair rune preference: random
     0 | D:1      | 0 ||| qw: Goals: Normal
     0 | D:1      | 0 ||| PLANNING D:1-11
    80 | D:1      | Reached XP level 2. HP: 17/17 MP: 2/2
   389 | D:1      | 389 ||| UPGRADING to +0 pair of gloves.
   394 | D:1      | 394 ||| UPGRADING to +0 ring mail.
   404 | D:1      | 404 ||| DROPPING +0 leather armour.
   405 | D:1      | 405 ||| READING 2 scrolls labelled RIRICAO ZAYTUL.
   405 | D:1      | 405 ||| IDENTIFYING ruby potion
   406 | D:1      | 406 ||| READING scroll of identify.
   406 | D:1      | 406 ||| IDENTIFYING 2 puce potions
   407 | D:1      | 407 ||| READING scroll labelled INUPLOHI LIRCHEZY.
   408 | D:1      | 408 ||| DROPPING scroll of butterflies.
   409 | D:1      | 409 ||| DROPPING potion of invisibility.
   514 | D:2      | Reached skill level 1 in Armour
   514 | D:2      | Reached XP level 3. HP: 21/21 MP: 3/3
   709 | D:2      | 709 ||| FLEEEEING.
   769 | D:2      | Reached skill level 5 in Ranged Weapons
   808 | D:2      | Reached XP level 4. HP: 27/27 MP: 4/4
  1109 | D:2      | 1109 ||| UPGRADING to +0 pair of boots.
  1114 | D:2      | 1114 ||| READING scroll labelled OLUDOF RUEL.
  1115 | D:2      | 1115 ||| READING scroll labelled NEMATW SAUS.
  1382 | D:3      | Reached skill level 3 in Fighting
  1388 | D:3      | Noticed qw's ghost (amateur GrHu)
  1390 | D:3      | Noticed an ogre
  1448 | D:3      | Found a transporter.
  1450 | D:3      | Found a transporter.
  1463 | D:3      | 1463 ||| READING 2 scrolls of identify.
  1463 | D:3      | 1463 ||| IDENTIFYING glowing yellow potion
  1464 | D:3      | 1464 ||| READING scroll of identify.
  1464 | D:3      | 1464 ||| IDENTIFYING murky coppery potion
  1570 | D:3      | 1570 ||| FLEEEEING.
  1594 | D:3      | Found an opulent altar of Gozag.
  1733 | D:4      | Noticed Grinder
  1734 | D:4      | 1734 ||| ZAPPING wand of iceblast (8) at 0,-2 (Grinder;
                  | floor).
  1740 | D:4      | Paralysed by Grinder for 2 turns
  1747 | D:4      | HP: 4/28 [quokka (4)]
  1749 | D:4      | Paralysed by Grinder for 5 turns
  1751 | D:4      | HP: 1/28 [Grinder (3)]
  1751 | D:4      | Slain by Grinder

Levels and vault maps discovered:
D:1:      dpeg_arrival_shelter, layout_rooms, dk_noncrumbling_3
D:2:      layout_loops_ring, st_stairs_3
D:3:      layout_loops_cross, grunt_gozag_breadcrumbs, gammafunk_ghost_smash
D:4:      layout_rooms, nicolae_qazlal_eye_of_the_storm, uniq_grinder,
          uniq_crazy_yiuf_cottage, uniq_sigmund

Skill      XL: |  1  2  3  4 |
---------------+-------------+-----
Armour         | 1 |  1.5
Ranged Weapons | 5 |  5.1
Fighting       | 3 |  3.1
Dodging        | |  1.5
Stealth        | |  1.1

Action                     |  1- 3 |  4- 6 || total
---------------------------+-------+-------++-------
   Fire: Shortbow          |   106 |    57 ||   163
  Evoke: Wand              |       |     1 ||     1
    Use: Scroll            |     3 |     4 ||     7
 Armour: Leather armour    |     6 |       ||     6
         Ring mail         |    11 |    39 ||    50
  Dodge: Dodged            |    26 |    32 ||    58

Table legend:
 A = Non-vault XP
 B = Vault XP
 C = Vault XP percentage of total XP
 D = Non-vault monster count
 E = Vault monster count
 F = Vault count percentage of total count
                 A         B        C        D         E       F
            +---------+---------+-------+---------+---------+-------
      Total |     117 |       5 |   4.1 |      45 |       2 |   4.3
            +---------+---------+-------+---------+---------+-------
        D:1 |      24 |       0 |   0.0 |      15 |       0 |   0.0
        D:2 |      59 |       5 |   7.8 |      20 |       2 |   9.1
        D:3 |      30 |       0 |   0.0 |       9 |       0 |   0.0
        D:4 |       4 |       0 |   0.0 |       1 |       0 |   0.0
            +---------+---------+-------+---------+---------+-------
